 Dungeon Crawl Stone Soup version 0.29.0-13-gc9e81de378 (webtiles) character file.

Game seed: 13752419641358487481

9903 apoch the Cleaver (level 11, -1/99 HPs)
             Began as a Minotaur Fighter on Sept 9, 2022.
             Was a Believer of Cheibriados.
             Slain by a wyvern (13 damage)
             ... on level 2 of the Lair of Beasts.
             The game lasted 00:15:27 (14670 turns).

apoch the Cleaver (Minotaur Fighter)               Turns: 14670, Time: 00:15:28

Health: -1/99      AC: 15    Str: 31    XL:     11   Next: 29%
Magic:  14/14      EV: 11    Int: 11    God:    Cheibriados [**....]
Gold:   588        SH:  9    Dex: 16    Spells: 10/10 levels left

rFire   + . .      SeeInvis .   a - +0 war axe
rCold   . . .      Faith    .   m - +0 kite shield
rNeg    . . .      Spirit   .   r - +0 chain mail
rPois   .          Reflect  .   (helmet restricted)
rElec   .          Harm     .   j - +2 cloak
rCorr   .          Rampage  .   (no gloves)
Will    .....                   (no boots)
Stlth   ..........              (no amulet)
HPRegen 0.26/turn               d - ring of protection from fire
MPRegen 0.14/turn               (no ring)

@: very slow
A: horns 2, retaliatory headbutt
a: Renounce Religion, Bend Time


You were on level 2 of the Lair of Beasts.
You worshipped Cheibriados.
Cheibriados was pleased with you.
You visited 3 branches of the dungeon, and saw 12 of its levels.
You also visited: Sewer.

You collected 588 gold pieces.

Inventory:

Hand Weapons
 a - a +0 war axe (weapon)
 b - a +0 morningstar
 z - a +0 war axe
 D - a +0 battleaxe
 F - a +0 vorpal flail
Missiles
 f - 18 poisoned darts
 t - 2 atropa-tipped darts
 B - 6 stones (quivered)
Armour
 c - a +0 buckler
 j - a +2 cloak (worn)
 m - a +0 kite shield (worn)
 r - a +0 chain mail (worn)
 G - a +0 scale mail
Jewellery
 d - a ring of protection from fire (left hand)
 q - an amulet of magic regeneration
Wands
 l - a wand of acid (12)
 A - a wand of flame (19)
 C - a wand of iceblast (33)
Scrolls
 e - 8 scrolls of teleportation
 g - 4 scrolls of identify
 h - 2 scrolls of poison
 n - 4 scrolls of amnesia
 s - a scroll of enchant armour
 v - 4 scrolls of magic mapping
 y - a scroll of torment
Potions
 i - a potion of flight
 k - 3 potions of brilliance
 o - a potion of lignification
 p - 3 potions of mutation
 u - 2 potions of curing
 w - a potion of ambrosia {unknown}
 E - a potion of might
 H - a potion of invisibility


   Skills:
 - Level 10.0 Fighting
 - Level 10.0 Axes
 + Level 6.6 Throwing
 - Level 10.0 Armour
 + Level 7.3 Dodging
 - Level 3.6 Shields
 + Level 6.6 Invocations


You had 10 spell levels left.
You didn't know any spells.
Your spell library contained the following spells:

 Spells                   Type           Power      Damage    Failure   Level
 Sandblast                Erth           0%         2d4       99%         1
 Summon Small Mammal      Summ           0%         N/A       99%         1
 Passwall                 Tmut/Erth      0%         N/A       99%         2
 Call Canine Familiar     Summ           0%         N/A       100%        3
 Confusing Touch          Hex            0%         N/A       100%        3
 Dazzling Flash           Conj/Hex       0%         N/A       100%        3
 Portal Projectile        Hex/Tloc       0%         N/A       100%        3
 Stone Arrow              Conj/Erth      0%         3d7       100%        3
 Summon Guardian Golem    Hex/Summ       0%         N/A       100%        3
 Iskenderun's Mystic Bla  Conj/Tloc      0%         2d3       100%        4
 Leda's Liquefaction      Hex/Erth       0%         N/A       100%        4
 Iskenderun's Battlesphe  Conj           0%         2d6       100%        5
 Yara's Violent Unravell  Hex/Tmut       0%         3d3       100%        5
 Iron Shot                Conj/Erth      0%         9d1       100%        6
 Starburst                Conj/Fire      0%         6d3       100%        6
 Enfeeble                 Hex            0%         N/A       100%        7
 Spellforged Servitor     Conj/Summ      0%         N/A       100%        7


Dungeon Overview and Level Annotations

Branches:
Dungeon (9/15)             Temple (1/1) D:6            Lair (2/5) D:9
  Sewer (visited)
  Swamp: Lair:2-3    Shoals: Lair:2-3     Snake: Lair:2-3    Spider: Lair:2-3
    Orc: D:9-12

Altars:
Ashenzari
Cheibriados
Dithmenos
Elyvilon
Fedhas
Gozag
Hepliaklqana
Kikubaaqudgha
Makhleb
Nemelex Xobeh
Okawaru
Qazlal
Ru
Sif Muna
Trog
Uskayaw
Vehumet
Wu Jian
Xom
Yredelemnul
Zin
The Shining One

Shops:
D:6 !   D:7 [


Innate Abilities, Weirdness & Mutations

You have a pair of horns on your head.
You reflexively headbutt those who attack you in melee.


Message History

The bullfrog closely misses you. You furiously retaliate!
You headbutt the bullfrog, but do no damage.
The wolf bites you but does no damage.
You slash the bullfrog!
You kill the bullfrog!
Cheibriados thoroughly appreciates the change of pace.
You miss the wolf. The wolf barely misses you. The wolf bites you.
You miss the wolf.
The wolf is lightly wounded.
The wolf bites you.
You slice the wolf!!
You kill the wolf!
Cheibriados thoroughly appreciates the change of pace.
The wyvern bites you!
You barely miss the wyvern.
You headbutt the wyvern, but do no damage.
The wyvern bites you!
* * * LOW HITPOINT WARNING * * *
You block the wyvern's attack.
You closely miss the wyvern. Your headbutt misses the wyvern.
The wyvern bites you!
* * * LOW HITPOINT WARNING * * *
The wyvern completely misses you. You furiously retaliate!
You headbutt the wyvern. You barely miss the wyvern. You headbutt the wyvern.
The wyvern is moderately wounded.
The wyvern closely misses you.
You hit the wyvern.
You headbutt the wyvern, but do no damage.
The wyvern is moderately wounded.
The wyvern bites you!
* * * LOW HITPOINT WARNING * * *
The wyvern bites you but does no damage.
You feel better. The wyvern bites you.
* * * LOW HITPOINT WARNING * * *
The wyvern closely misses you.
You completely miss the wyvern.
The wyvern is moderately wounded.
The wyvern bites you!
You die...

.............#
.............# ###
[...........P#####.#
.............##.#..#
.............##....##
#..................P#
#...?...............#
..........l#†#.....##
#.........#@###[...#
#......#.#####....P#
##....#.## ##PP...#
###..## ###.....###
#.# ###........P# #.
#...<......##
................#
P.............#
..............#


You could see a wyvern.

Vanquished Creatures
  3 cane toads
  5 gargoyles (D:9)
  Grum (Lair:1)
  A wyvern (D:8)
  19 yaks
  A basilisk (Lair:1)
  4 water moccasins
  An orc warrior (D:7)
  A sky beast (D:7)
  3 black bears
  2 ice beasts
  4 ogres
  6 wolves
  A centaur (D:5)
  6 bullfrogs
  A necrophage (D:8)
  3 scorpions
  5 wights
  18 killer bees
  A howler monkey (D:6)
  A jelly (D:5)
  A gnoll bouda (D:7)
  2 orc priests
  4 hounds
  Crazy Yiuf (D:2)
  Jessica (D:2)
  3 iguanas
  7 orc wizards
  Robin (D:2)
  8 gnolls
  12 adders
  3 river rats (Sewer)
  A shadow imp (D:5)
  2 worms
  4 dart slugs
  11 orcs
  11 ball pythons
  6 bats
  8 endoplasms
  8 giant cockroaches
  14 goblins
  5 hobgoblins
  4 quokkas
  4 frilled lizards
  6 kobolds
  11 rats
225 creatures vanquished.

Vanquished Creatures (others)
  3 fungi
  2 plants (Lair:1)
5 creatures vanquished.

Grand Total: 230 creatures vanquished

Notes
Turn   | Place    | Note
-------+----------+-------------------------------------------
     0 | D:1      | apoch the Minotaur Fighter began the quest for the Orb.
     0 | D:1      | Reached XP level 1. HP: 19/19 MP: 0/0
   127 | D:1      | Reached XP level 2. HP: 21/26 MP: 1/1
  1048 | D:2      | Reached XP level 3. HP: 30/31 MP: 2/2
  1442 | D:2      | Noticed Jessica
  1445 | D:2      | Killed Jessica
  1446 | D:2      | Reached skill level 5 in Axes
  1446 | D:2      | Reached XP level 4. HP: 39/39 MP: 3/3
  1643 | D:2      | Noticed Robin
  1665 | D:2      | Killed Robin
  1953 | D:2      | Found a runed translucent door.
  1954 | D:2      | Noticed Crazy Yiuf
  2298 | D:2      | Killed Crazy Yiuf
  2299 | D:2      | Reached XP level 5. HP: 8/45 MP: 4/4
  2301 | D:2      | HP: 1/45 [poisoned by Crazy Yiuf]
  2948 | D:3      | Found a glowing golden altar of the Shining One.
  3224 | D:3      | Found a hazy altar of Hepliaklqana.
  3234 | D:3      | Noticed an ogre
  3240 | D:3      | Killed an ogre
  3241 | D:3      | Reached XP level 6. HP: 51/51 MP: 5/5
  3318 | D:3      | Found a faded altar of an unknown god.
  4587 | D:4      | Found a stormy altar of Qazlal.
  4630 | D:4      | Found a bloodstained altar of Trog.
  4639 | D:4      | Reached XP level 7. HP: 26/57 MP: 6/6
  4979 | D:5      | Entered Level 5 of the Dungeon
  5018 | D:5      | Reached skill level 10 in Axes
  5123 | D:5      | Reached skill level 5 in Fighting
  5124 | D:5      | Found a glowing drain.
  5173 | Sewer    | Entered a sewer
  5582 | D:5      | Reached XP level 8. HP: 69/71 MP: 7/7
  6480 | D:6      | Found Tanethro's Distillery.
  7241 | D:6      | Reached skill level 10 in Fighting
  7550 | D:6      | Reached skill level 5 in Armour
  7644 | D:6      | Reached XP level 9. HP: 85/85 MP: 8/8
  7761 | D:6      | Found an ancient bone altar of Kikubaaqudgha.
  7763 | D:6      | Found a glowing silver altar of Zin.
  7922 | D:6      | Found a staircase to the Ecumenical Temple.
  8065 | Temple   | Entered the Ecumenical Temple
  8301 | Temple   | Became a worshipper of Cheibriados the Contemplative
  9283 | D:7      | Found a sparkling altar of Nemelex Xobeh.
  9370 | D:7      | Found Cheibriados's Comfort Zone.
  9370 | D:7      | Found a snail-covered altar of Cheibriados.
  9825 | D:8      | Reached skill level 10 in Armour
  9826 | D:8      | Reached skill level 1 in Throwing
  9826 | D:8      | Reached skill level 1 in Dodging
  9826 | D:8      | Reached skill level 1 in Invocations
  9832 | D:8      | Reached * piety under Cheibriados
 10171 | D:8      | Found a basalt altar of Yredelemnul.
 10282 | D:7      | Reached XP level 10. HP: 80/93 MP: 10/10
 10720 | D:9      | Found a staircase to the Lair.
 10982 | Lair:1   | Entered Level 1 of the Lair of Beasts
 11488 | D:9      | Found a broken altar of Ashenzari.
 11538 | D:9      | Noticed a gargoyle
 11542 | D:9      | Killed a gargoyle
 11639 | D:9      | Noticed a gargoyle
 11647 | D:9      | Killed a gargoyle
 11648 | D:9      | Reached skill level 5 in Dodging
 11709 | D:9      | Noticed a gargoyle
 11719 | D:9      | Killed a gargoyle
 11924 | D:9      | Noticed a gargoyle
 11930 | D:9      | Killed a gargoyle
 11930 | D:9      | Reached ** piety under Cheibriados
 11931 | D:9      | Reached skill level 5 in Throwing
 11931 | D:9      | Reached skill level 5 in Invocations
 12125 | D:9      | Noticed a gargoyle
 12136 | D:9      | Killed a gargoyle
 12611 | D:9      | Found a burning altar of Makhleb.
 12690 | D:9      | Found a shimmering blue altar of Sif Muna.
 12974 | Lair:1   | Noticed a cane toad
 12986 | Lair:1   | Killed a cane toad
 12987 | Lair:1   | Reached XP level 11. HP: 43/99 MP: 14/14
 13039 | Lair:1   | Noticed Grum
 13065 | Lair:1   | Killed Grum
 14670 | Lair:2   | Slain by a wyvern

Illustrated notes

Levels and vault maps discovered:
D:1:      eino_arrival_water_star, layout_loops_ring
D:2:      layout_basic, uniq_robin, uniq_crazy_yiuf_cottage, uniq_jessica
D:3:      layout_loops_corners, overflow_temple_1_default,
          nicolae_tso_swordbearing_angel, ebering_ecumenical_altar_mist
D:4:      nicolae_BIG_FREAKIN_CUBE, layout_loops_ring, trog_ov_bears_minmay,
          nicolae_qazlal_general_emergency
D:5:      layout_loops_ring, gup_sewer_entry_pipe, kennysheep_generic_room_16
D:6:      layout_loops_ring, chequers_temple_overflow_statue_of_worship,
          lemuel_temple_firewalk_b, serial_shops, nicolae_stop_n_shop_2
D:7:      layout_gridville, nemelex_spade_bored_becter, roderic_serpentine_path,
          chequers_serial_rivers_micro_e, grunt_ministairs_3,
          serial_bayou_pond_c, minmay_shop_chei
D:8:      layout_rooms, lemuel_coloured_pillars_altar, serial_corexii_hall,
          chequers_hall_statues_corner_a, corexii_hall_statues_i
D:9:      cheibrodos_statue_roulette, layout_basic, led_sif_book,
          mainiacjoe_overflow_large_starburst, lair_entry_dummy
Temple:   bh_familiar_temple
Lair:1:   layout_cave_pods, uniq_grum
Lair:2:   layout_cave_pods, guppyfry_snake_entry_garden,
          infiniplex_staircase_pool_2, grunt_megastairs_4, serial_bayou_shore_a

Skill      XL: |  1  2  3  4  5  6  7  8  9 10 11 |
---------------+----------------------------------+-----
Axes           | 3 4 5 6 7 9 10 | 10.0
Fighting       | 6 10 | 10.0
Armour         | 5 10 | 10.0
Throwing       | 2 5 6 |  6.6
Dodging        | 2 6 7 |  7.3
Invocations    | 2 5 6 |  6.6
Shields        | |  3.6

Action                   |  1- 3 |  4- 6 |  7- 9 | 10-12 || total
-------------------------+-------+-------+-------+-------++-------
Melee: War axe           |    79 |   127 |   321 |   204 ||   731
       Headbutt          |    11 |    14 |    52 |    48 ||   125
Throw: Stone             |    28 |    20 |    23 |     6 ||    77
       Boomerang         |       |       |       |    34 ||    34
Invok: Bend Time         |       |       |       |     1 ||     1
  Use: Potion            |       |     2 |     1 |     2 ||     5
       Scroll            |       |    10 |     8 |     1 ||    19
Armor: Scale mail        |    35 |    61 |     2 |       ||    98
       Chain mail        |       |       |   172 |    81 ||   253
Dodge: Dodged            |    44 |    49 |    71 |   106 ||   270
Block: Buckler           |    19 |       |       |       ||    19
       Kite shield       |    15 |    55 |   134 |   110 ||   314
